 Dungeon Crawl Stone Soup version 0.20.0-15-g7f486f2 (webtiles) character file.

1273 Gorglomux the Grappler (level 8, -6/73 HPs)
             Began as a Ghoul Monk on June 9, 2017.
             Was a Follower of Ru.
             Killed by divine providence
             ... invoked by an orc priest
              (13 damage)
             ... on level 6 of the Dungeon.
             The game lasted 00:07:41 (4609 turns).

Gorglomux the Grappler (Ghoul Monk)                 Turns: 4609, Time: 00:07:42

Health: -6/73      AC:  8    Str: 15    XL:     8   Next: 53%
Magic:  7/7        EV: 11    Int:  5    God:    Ru [*.....]
Gold:   145        SH:  0    Dex: 13    Spells: 7/7 levels left

rFire    . . .     SeeInvis .     - Unarmed
rCold    + . .     Gourm    .   (no shield)
rNeg     + + +     Faith    .   U - +1 ring mail {MR+}
rPois    ∞         Spirit   .   (no helmet)
rElec    .         Reflect  .   O - +1 cloak
rCorr    .         Harm     .   (no gloves)
MR       ++...                  (no boots)
Stlth    +.........             (no amulet)
Regen    0.0/turn               m - ring of protection from magic
MPRegen  0.1/turn               (no ring)

@: rotting, invisible
A: rotting body, claws 1, carnivore 3, cold resistance 1, negative energy
resistance 3, inhibited regeneration, torment resistance, unbreathing, hated by
all
a: Renounce Religion


You were on level 6 of the Dungeon.
You worshipped Ru.
Ru was aware of your devotion.
You were not hungry.

You visited 2 branches of the dungeon, and saw 7 of its levels.

You collected 145 gold pieces.

Inventory:

Armour
 G - a +0 buckler
 O - a +1 cloak (worn)
 S - a +0 ring mail
 U - a +1 ring mail of magic resistance (worn)
Jewellery
 m - a ring of protection from magic (left claw)
Wands
 C - a wand of confusion (20/48)
 I - a wand of iceblast (6/15)
Scrolls
 D - a scroll of fog
 H - 3 scrolls of remove curse
 J - 2 scrolls of immolation {unknown}
 K - a scroll of teleportation {unknown}
 M - 2 scrolls of magic mapping
 N - a scroll of enchant weapon {unknown}
 R - a scroll of fear {unknown}
 T - 2 scrolls of recharging {unknown}
 W - a scroll of blinking {unknown}
 Y - a scroll of enchant armour {unknown}
 Z - a scroll of noise {unknown}
Potions
 L - a potion of haste
 P - a potion of might
 Q - a potion of curing
 V - a potion of degeneration
Comestibles
 z - 4 meat rations
 E - 2 chunks of flesh
 X - a royal jelly


   Skills:
 + Level 7.0 Fighting
 - Level 2.6 Dodging
 - Level 2.1 Stealth
 + Level 9.6 Unarmed Combat


You had 7 spell levels left.
You didn't know any spells.

Dungeon Overview and Level Annotations

Branches:
Dungeon (6/15)             Temple (1/1) D:5

Altars:
Ashenzari
Cheibriados
Dithmenos
Elyvilon
Fedhas
Gozag
Hepliaklqana
Kikubaaqudgha
Makhleb
Nemelex Xobeh
Okawaru
Qazlal
Ru
Trog
Uskayaw
Vehumet
Xom
Yredelemnul
The Shining One


Innate Abilities, Weirdness & Mutations

Your body is rotting away.
You thrive on raw meat.
You are immune to poison.
You have sharp fingernails.
You are carnivorous and can eat meat at any time.
Your flesh is cold resistant. (rC+)
You are immune to negative energy. (rN+++)
You do not regenerate when monsters are visible.
You are immune to unholy pain and torment.
You can survive without breathing.
You are hated by all.


Message History

This wand has 21 charges left.
You hear the hiss of a distant avalanche of sand.
The orc warrior hits you with a short sword!
* * * LOW HITPOINT WARNING * * *
Evoke which item? (* to show all) (? for menu, Esc to quit)
Aiming: Confuse
Press: ? - help, Shift-Dir - straight line, f/p - orc warrior
Aim: an orc warrior, wielding a short sword and wearing a chain mail (chance to defeat MR: 46%)
The orc warrior resists with some effort.
This wand has 20 charges left.
The orc wizard mumbles some strange words.
The orc wizard blinks!
The orc warrior hits you with a short sword.
* * * LOW HITPOINT WARNING * * *
You fade into invisibility!
The orc warrior hits you with a short sword!
* * * LOW HITPOINT WARNING * * *
The orc priest invokes the aid of Beogh against you.
Beogh smites you!
You die...

#################
..........÷......
####################.##
#.oooo@.......#.####...
..#o##########.#........
#.#.######. #.#.# #.
#####.#.## #.
#..>.....#####.
#.#####......#.
#......)...#.#.
#..#####.#.#.#.


You could see an orc warrior, 2 orc priests, an orc wizard and an orc.

Vanquished Creatures
  A hippogriff (D:6)
  Duvessa (D:4)
  2 phantoms
  An ogre (D:5)
  Dowan (D:4)
  2 scorpions (D:5)
  A howler monkey (D:5)
  2 crimson imps
  A hound (D:4)
  An orc priest (D:3)
  A bullfrog skeleton (D:5)
  Ijyb (D:4)
  Terence (D:3)
  Natasha (D:2)
  An iguana (D:6)
  4 orc wizards
  A killer bee zombie (D:5)
  A worker ant zombie (D:5)
  6 adders
  An adder skeleton (D:6)
  4 worms
  A dart slug (D:1)
  2 leopard geckos
  17 orcs
  10 bats
  5 giant cockroaches
  8 goblins
  7 hobgoblins
  6 jackals
  4 kobolds
  2 quokkas
  7 frilled lizards
  11 rats
115 creatures vanquished.

Notes
Turn   | Place    | Note
-------+----------+-------------------------------------------
     0 | D:1      | Gorglomux the Ghoul Monk began the quest for the Orb.
     0 | D:1      | Reached XP level 1. HP: 19/19 MP: 0/0
   168 | D:1      | Reached XP level 2. HP: 13/25 MP: 1/1
   260 | D:1      | Reached skill level 4 in Unarmed Combat
   503 | D:1      | Reached XP level 3. HP: 24/31 MP: 2/2
   890 | D:2      | Reached skill level 5 in Unarmed Combat
   943 | D:2      | Reached XP level 4. HP: 32/38 MP: 3/3
  1274 | D:3      | Noticed Natasha
  1290 | D:2      | Killed Natasha
  1382 | D:2      | Reached skill level 6 in Unarmed Combat
  1477 | D:3      | Reached XP level 5. HP: 41/45 MP: 4/4
  1600 | D:3      | Found a faded altar of an unknown god.
  1615 | D:3      | Noticed Terence
  1652 | D:3      | Killed Terence
  1655 | D:3      | Reached skill level 7 in Unarmed Combat
  1673 | D:3      | Reached XP level 6. HP: 20/51 MP: 5/5
  2351 | D:4      | Noticed Ijyb
  2375 | D:4      | Killed Ijyb
  2456 | D:4      | Noticed Dowan
  2458 | D:4      | Noticed Duvessa
  2643 | D:4      | Killed Duvessa
  2662 | D:4      | Killed Dowan
  2662 | D:4      | Reached XP level 7. HP: 24/60 MP: 6/6
  3170 | D:4      | Reached skill level 8 in Unarmed Combat
  3259 | D:5      | Entered Level 5 of the Dungeon
  3357 | D:5      | Found a faded altar of an unknown god.
  3357 | D:5      | Found an iron altar of Okawaru.
  3362 | D:5      | Found a glowing golden altar of the Shining One.
  3364 | D:5      | Found a radiant altar of Vehumet.
  3366 | D:5      | Found a faded altar of an unknown god.
  3548 | D:5      | Found a hazy altar of Hepliaklqana.
  3707 | D:5      | Reached XP level 8. HP: 56/70 MP: 7/7
  3731 | D:5      | Reached skill level 6 in Fighting
  3741 | D:5      | Reached skill level 9 in Unarmed Combat
  3868 | D:5      | Found a staircase to the Ecumenical Temple.
  3908 | Temple   | Entered the Ecumenical Temple
  4135 | Temple   | Became a worshipper of Ru the Awakened
  4139 | Temple   | Gained mutation: You are hated by all. [Ru sacrifice]
  4139 | Temple   | Reached * piety under Ru
  4317 | D:6      | Noticed a hippogriff
  4327 | D:6      | Killed a hippogriff
  4609 | D:6      | Killed from afar by an orc priest

Skill      XL: |  1  2  3  4  5  6  7  8 |
---------------+-------------------------+-----
Unarmed Combat | 4 5 6 7 8 9 |  9.6
Fighting       | 4 5 7 |  7.0
Dodging        | |  2.6
Stealth        | |  2.1

Action                   |  1- 3 |  4- 6 |  7- 9 || total
-------------------------+-------+-------+-------++-------
Melee: Unarmed           |    97 |   169 |   162 ||   428
       Punch             |     3 |     7 |     2 ||    12
Invok: Sacrifice Love    |       |       |     1 ||     1
Evoke: Wand              |       |     1 |     4 ||     5
  Use: Potion            |       |     3 |     1 ||     4
       Scroll            |       |     2 |     7 ||     9
 Stab: Sleeping          |     2 |     3 |       ||     5
       Confused          |       |     1 |       ||     1
  Eat: Chunk             |     5 |    21 |    14 ||    40
Armor: Robe              |    21 |       |       ||    21
       Ring mail         |    21 |    55 |    49 ||   125
Dodge: Dodged            |    82 |    86 |    90 ||   258
